 Dungeon Crawl Stone Soup version 0.25-a0-424-g80bd347ae0 (webtiles) character file.

Game seed: 8071851327984432659, levelgen mode: deterministic

4935 Epan the Geomancer (level 10, -17/56 HPs)
             Began as a Gargoyle Earth Elementalist on Jan 23, 2020.
             Was a Priest of Vehumet.
             Killed from afar by a molten gargoyle (23 damage)
             ... with a bolt of magma
             ... on level 10 of the Dungeon.
             The game lasted 00:29:33 (9221 turns).

Epan the Geomancer (Gargoyle Earth Elementalist)    Turns: 9221, Time: 00:29:33

Health: -17/56     AC: 15    Str: 12    XL:     10   Next: 52%
Magic:  18/21      EV: 13    Int: 19    God:    Vehumet [***...]
Gold:   568        SH:  0    Dex: 10    Spells: 14/23 levels left

rFire    . . .     SeeInvis +   e - +1 dagger (venom)
rCold    . . .     Gourm    .   (no shield)
rNeg     + . .     Faith    .   l - +2 robe {MR+}
rPois    ∞         Spirit   .   (no helmet)
rElec    +         Reflect  .   y - +0 cloak
rCorr    .         Harm     .   g - +0 pair of gloves
MR       ++...                  G - +1 pair of boots
Stlth    ++........             c - amulet of the acrobat
HPRegen  0.18/turn              u - ring of see invisible
MPRegen  0.17/turn              v - ring of protection from magic

@: very slightly contaminated
A: negative energy resistance 1, electricity resistance, unbreathing,
petrification resistance, rot immunity, AC +7
a: Renounce Religion


You were on level 10 of the Dungeon.
You worshipped Vehumet.
Vehumet was most pleased with you.
You were hungry.

You visited 2 branches of the dungeon, and saw 11 of its levels.
You also visited: Sewer.

You collected 568 gold pieces.

Inventory:

Hand Weapons
 a - a +0 whip
 e - a +1 dagger of venom (weapon)
 n - a +0 flail of protection
Missiles
 b - 244 stones (quivered)
Armour
 g - a +0 pair of gloves (worn)
 l - a +2 robe of magic resistance (worn)
 y - a +0 cloak (worn)
 G - a +1 pair of boots (worn)
Jewellery
 c - an amulet of the acrobat (around neck)
 s - an uncursed ring of ice
 u - a ring of see invisible (left hand)
 v - a ring of protection from magic (right hand)
 A - an uncursed ring of fire
Wands
 C - a wand of digging (2)
 H - a wand of paralysis (5)
 I - a wand of random effects (7)
Scrolls
 i - a scroll of magic mapping
 k - 3 scrolls of amnesia
 p - a scroll of fear
 q - 5 scrolls of blinking
 t - 3 scrolls of teleportation
 z - 2 scrolls of remove curse
 D - a scroll of enchant weapon
 E - a scroll of fog
 F - a scroll of identify
Potions
 f - a potion of cancellation
 h - 2 potions of flight
 j - 2 potions of magic
 m - a potion of brilliance
 o - 2 potions of haste
 x - 2 potions of berserk rage
Miscellaneous
 w - a lamp of fire
Comestibles
 d - 19 rations
 r - 5 chunks of flesh


   Skills:
 + Level 3.5 Fighting
 + Level 3.1 Maces & Flails
 + Level 3.3 Armour
 + Level 3.1 Dodging
 - Level 2.1 Stealth
 + Level 7.3 Spellcasting
 + Level 8.0 Conjurations
   Level 0.7 Transmutations
 + Level 9.9 Earth Magic
 + Level 2.7 Evocations


You had 14 spell levels left.
You knew the following spells:

 Your Spells              Type           Power        Failure   Level  Hunger
a - Sandblast             Erth           #####.       1%          1    None
b - Stone Arrow           Conj/Erth      #####.       1%          3    #......
c - Lee's Rapid Deconstr  Erth           #####.....   1%          5    #####..

Your spell library contained the following spells:

 Spells                   Type           Power        Failure   Level  Hunger
 Inner Flame              Hex/Fire       #.......     8%          3    #......
 Magic Dart               Conj           ####         1%          1    None
 Passwall                 Tmut/Erth      ####....     1%          2    None
 Searing Ray              Conj           #####.       1%          2    None
 Dazzling Flash           Conj/Hex       ###...       1%          3    #......
 Fulminant Prism          Conj/Hex       ###.......   5%          4    ###....
 Iskenderun's Mystic Bla  Conj/Tloc      ###.....     5%          4    ###....
 Petrify                  Tmut/Erth      ####....     11%         4    ###....


Dungeon Overview and Level Annotations

Branches:
Dungeon (10/15)            Temple (1/1) D:4           Sewer (visited)
   Lair: D:8-11         Orc: D:9-12

Altars:
Ashenzari
Cheibriados
Dithmenos
Elyvilon
Fedhas
Gozag
Hepliaklqana
Kikubaaqudgha
Makhleb
Nemelex Xobeh
Okawaru
Qazlal
Ru
Sif Muna
Trog
Uskayaw
Vehumet
Wu Jian
Xom
Yredelemnul
Zin
The Shining One

Annotations:
D:8 5 transporters


Innate Abilities, Weirdness & Mutations

You are resistant to torment.
Your stone body is resilient. (AC +7)
You are immune to poison.
You resist negative energy. (rN+)
You are resistant to electric shocks. (rElec)
You can survive without breathing.
You are immune to petrification.
You are immune to rotting.


Message History

The molten gargoyle blasts magma at you!
The bolt of magma misses you.
As you read the scroll of fear, it crumbles to dust.
You assume a fearsome visage.
The molten gargoyle is unaffected.
The molten gargoyle hits you with a +0 dire flail!!
* * * LOW HITPOINT WARNING * * *
You are engulfed in flames!
* * * LOW HITPOINT WARNING * * *
The molten gargoyle hits you but does no damage.
You feel much better.
The molten gargoyle hits you with a +0 dire flail!
You are engulfed in flames!
* * * LOW HITPOINT WARNING * * *
Blink to where?
Press: ? - help, Dir - move target cursor, p - molten gargoyle You are very lightly contaminated with residual magic.
As you read the scroll of blinking, it crumbles to dust.
The molten gargoyle blasts magma at you!
The bolt of magma hits you!!
You die...

#.##.#
#.##.#######
#.##.......#
##.##..####.#
#.†9....#.#.#
##........#.#
#.###....#.#
#§###......#
#.9@#..#.####.###
#####..9........#
##.#.####.#.#
...#.....#
#.######.#..§≈.
#. #.9# §≈≈ #
#.#.≈ ≈ #..#.≈≈
#.# .≈≈88


You could see a molten gargoyle.

Vanquished Creatures
  A two-headed ogre (D:8)
  A troll (D:9)
  A hippogriff (D:9)
  2 wyverns
  Menkaure (D:5)
  Edmund (D:6)
  A soldier ant (D:9)
  An ice beast (D:8)
  Purgy (Sewer)
  2 black bears (D:9)
  4 ogres
  3 centaurs
  A crocodile (D:7)
  A big kobold (D:9)
  Blork the orc (D:6)
  6 bullfrogs
  A gnoll sergeant (D:8)
  A wyvern skeleton (D:4)
  A water moccasin skeleton (D:7)
  3 scorpions
  3 killer bees (D:8)
  2 howler monkeys
  2 crimson imps
  2 jellies
  Crazy Yiuf (D:6)
  2 bullfrog skeletons
  6 hounds
  4 orc wizards
  5 orc priests
  A centaur skeleton (D:8)
  5 worker ants
  2 hound zombies
  3 hound skeletons
  12 gnolls
  11 adders
  A shadow imp (D:6)
  An ooze (D:3)
  An adder skeleton (D:7)
  2 worms
  2 dart slugs
  5 leopard geckos
  25 orcs
  7 giant cockroaches
  7 goblins
  10 hobgoblins
  7 jackals
  5 quokkas
  15 bats
  7 frilled lizards
  11 kobolds
  A leopard gecko zombie (D:9)
  A quokka zombie (D:6)
  10 rats
213 creatures vanquished.

Notes
Turn   | Place    | Note
-------+----------+-------------------------------------------
     0 | D:1      | Epan the Gargoyle Earth Elementalist began the quest for
                  | the Orb.
     0 | D:1      | Reached XP level 1. HP: 10/10 MP: 3/3
   100 | D:1      | Reached XP level 2. HP: 10/15 MP: 5/5
   221 | D:1      | Reached skill level 4 in Earth Magic
   462 | D:1      | Reached XP level 3. HP: 4/19 MP: 0/6
   485 | D:1      | Learned a level 3 spell: Stone Arrow
  1351 | D:2      | Reached skill level 1 in Conjurations
  1683 | D:2      | Reached XP level 4. HP: 24/24 MP: 8/8
  1706 | D:2      | You fall into a shaft and drop 2 floors!
  2095 | D:3      | Reached skill level 5 in Earth Magic
  2116 | D:3      | Reached XP level 5. HP: 13/28 MP: 0/10
  2670 | D:3      | Found a faded altar of an unknown god.
  2875 | D:3      | Found a shimmering blue altar of Sif Muna.
  3380 | D:4      | Found a shadowy altar of Dithmenos.
  3409 | D:4      | Reached XP level 6. HP: 26/32 MP: 11/11
  3546 | D:4      | Found a staircase to the Ecumenical Temple.
  3565 | Temple   | Entered the Ecumenical Temple
  3617 | Temple   | Became a worshipper of Vehumet
  3753 | D:4      | Reached skill level 6 in Earth Magic
  3842 | D:4      | Learned a level 5 spell: Lee's Rapid Deconstruction
  3964 | D:4      | Reached XP level 7. HP: 11/36 MP: 7/13
  4208 | D:4      | Found a hide-covered altar of Uskayaw.
  4208 | D:4      | Found a sacrificial altar of Ru.
  4208 | D:4      | Found a glowing silver altar of Zin.
  4208 | D:4      | Found a stormy altar of Qazlal.
  4220 | D:4      | Found a shattered altar of Ashenzari.
  4220 | D:4      | Found a shimmering altar of Xom.
  4426 | D:5      | Entered Level 5 of the Dungeon
  4484 | D:5      | Found a blossoming altar of Fedhas.
  5199 | D:5      | Noticed Menkaure
  5202 | D:5      | Killed Menkaure
  5202 | D:5      | Reached skill level 5 in Spellcasting
  5202 | D:5      | Reached skill level 7 in Earth Magic
  5202 | D:5      | Reached XP level 8. HP: 41/41 MP: 4/15
  5418 | D:6      | Reached skill level 5 in Conjurations
  5423 | D:6      | Noticed Blork the orc
  5424 | D:6      | Noticed Edmund
  5431 | D:6      | Killed Blork the orc
  5444 | D:6      | Killed Edmund
  5469 | D:6      | Found a basalt altar of Yredelemnul.
  5617 | D:6      | Reached * piety under Vehumet
  5617 | D:6      | Offered knowledge of Shock by Vehumet.
  5617 | D:6      | Reached skill level 8 in Earth Magic
  5745 | D:6      | Found a glowing drain.
  5759 | Sewer    | Entered a sewer
  5791 | Sewer    | Noticed Purgy
  5797 | Sewer    | Killed Purgy
  6047 | D:6      | Found a runed translucent door.
  6048 | D:6      | Noticed Crazy Yiuf
  6055 | D:6      | Killed Crazy Yiuf
  6436 | D:7      | Reached XP level 9. HP: 42/45 MP: 18/18
  6966 | D:7      | Reached skill level 9 in Earth Magic
  7165 | D:8      | Found a transporter.
  7181 | D:8      | Noticed a cyclops
  7181 | D:8      | Noticed a skeletal warrior
  7183 | D:8      | Found a transporter.
  7201 | D:8      | Found a transporter.
  7211 | D:8      | Reached ** piety under Vehumet
  7211 | D:8      | Offered knowledge of Freeze by Vehumet.
  7219 | D:8      | Reached skill level 1 in Maces & Flails
  7219 | D:8      | Reached skill level 1 in Armour
  7220 | D:8      | Reached skill level 1 in Fighting
  7368 | D:8      | Found a transporter.
  7393 | D:8      | Found a transporter.
  7455 | D:8      | Reached skill level 1 in Evocations
  7843 | D:8      | Noticed a two-headed ogre
  7864 | D:8      | Killed a two-headed ogre
  7864 | D:8      | Reached XP level 10. HP: 54/54 MP: 5/20
  8358 | D:9      | Found a bloodstained altar of Trog.
  8479 | D:9      | Offered knowledge of Inner Flame by Vehumet.
  8996 | D:9      | Reached *** piety under Vehumet
  9174 | D:10     | Entered Level 10 of the Dungeon
  9200 | D:10     | Noticed a molten gargoyle
  9201 | D:10     | Noticed a molten gargoyle
  9221 | D:10     | Killed from afar by a molten gargoyle

Levels and vault maps discovered:
D:1:      minmay_arrival_up_and_down, layout_basic, feat_on_display
D:2:      layout_loops_ring, kennysheep_generic_room_9
D:3:      layout_basic, lemuel_round_altar, chequers_ecumenical_altar_grove
D:4:      layout_loops_corners, lemuel_round_altar, minmay_overflow_temple_hex,
          minmay_temple_entry_offerings, first_ration
D:5:      layout_loops_corners, basic_altar, uniq_menkaure
D:6:      layout_rooms, lemuel_crystal_altar, cheibrodos_sewer_entry_bend,
          uniq_blork_the_orc, uniq_crazy_yiuf_cottage, uniq_edmund
D:7:      layout_rooms, minmay_misc_feat_nine_boxes
D:8:      gammafunk_the_bubble [the_bubble_gammafunk_roulette], layout_basic
D:9:      layout_gridville, kennysheep_mini
D:10:     layout_basic, erik_lair_dragon, grunt_livestock, minmay_misc_feat_x,
          minivault_8
Temple:   nicolae_temple_x_marks_the_god

Skill      XL: |  1  2  3  4  5  6  7  8  9 10 |
---------------+-------------------------------+-----
Earth Magic    | 4 5 6 7 8 9 |  9.9
Conjurations   | 1 2 3 4 6 7 8 |  8.0
Spellcasting   | 3 4 5 6 7 |  7.3
Maces & Flails | 2 3 |  3.1
Armour         | 2 3 |  3.3
Fighting       | 2 3 |  3.5
Dodging        | 2 3 |  3.1
Evocations     | 1 2 |  2.7
Stealth        | |  2.1
Transmutations | |  0.7

Action                   |  1- 3 |  4- 6 |  7- 9 | 10-12 || total
-------------------------+-------+-------+-------+-------++-------
Melee: Whip              |    65 |       |       |       ||    65
       Dagger            |    62 |   146 |   269 |   151 ||   628
 Cast: Sandblast         |    14 |    28 |    53 |    20 ||   115
       Lee's Rapid Decon |       |       |    11 |     5 ||    16
       Stone Arrow       |       |       |     2 |     3 ||     5
Evoke: Wand              |       |       |     4 |     3 ||     7
  Use: Scroll            |     2 |     7 |     7 |     4 ||    20
       Potion            |       |     1 |     1 |     1 ||     3
 Stab: Sleeping          |     5 |     6 |     5 |     3 ||    19
       Distracted        |       |     1 |     1 |       ||     2
  Eat: Chunk             |     3 |     7 |    11 |     7 ||    28
       Ration            |       |       |     1 |       ||     1
Armor: Robe              |    42 |    54 |   126 |    98 ||   320
Dodge: Dodged            |    75 |   115 |   189 |   129 ||   508

Table legend:
 A = Non-vault XP
 B = Vault XP
 C = Vault XP percentage of total XP
 D = Non-vault monster count
 E = Vault monster count
 F = Vault count percentage of total count
                 A         B        C        D         E       F
            +---------+---------+-------+---------+---------+-------
      Total |    6443 |     607 |   8.6 |     201 |      12 |   5.6
            +---------+---------+-------+---------+---------+-------
        D:1 |      62 |       0 |   0.0 |      35 |       0 |   0.0
        D:2 |      24 |       2 |   7.7 |      15 |       1 |   6.2
        D:3 |     128 |       0 |   0.0 |      25 |       0 |   0.0
        D:4 |     532 |       0 |   0.0 |      17 |       0 |   0.0
        D:5 |     303 |     169 |  35.8 |      12 |       1 |   7.7
        D:6 |     492 |     298 |  37.7 |      15 |       4 |  21.1
        D:7 |     633 |       0 |   0.0 |      23 |       0 |   0.0
        D:8 |    2250 |       0 |   0.0 |      32 |       0 |   0.0
        D:9 |    1952 |       0 |   0.0 |      26 |       0 |   0.0
       D:10 |      67 |       0 |   0.0 |       1 |       0 |   0.0
      Sewer |       0 |     138 | 100.0 |       0 |       6 | 100.0
            +---------+---------+-------+---------+---------+-------
